 Dungeon Crawl Stone Soup version 0.21.0-3-g78d12a8 (webtiles) character file.

20385 inmateoo the Basher (level 12, -13/80 HPs)
             Began as a Gargoyle Necromancer on Jan 17, 2018.
             Was the Champion of Okawaru.
             Killed from afar by Frances (56 damage)
             ... with an iron shot
             ... on level 13 of the Dungeon.
             The game lasted 00:18:35 (14044 turns).

inmateoo the Basher (Gargoyle Necromancer)         Turns: 14044, Time: 00:18:36

Health: -13/80     AC: 27    Str: 24    XL:     12   Next: 78%
Magic:  18/18      EV: 10    Int: 16    God:    Okawaru [******]
Gold:   1087       SH:  9    Dex: 10    Spells: 6/15 levels left

rFire    . . .     SeeInvis .   M - +5 morningstar
rCold    + . .     Gourm    .   H - +0 buckler {rC+}
rNeg     + . .     Faith    .   k - +1 chain mail
rPois    ∞         Spirit   .   (no helmet)
rElec    +         Reflect  +   D - +0 cloak (curse)
rCorr    .         Harm     .   E - +0 pair of gloves
MR       ++...     NoTele   +   K - +1 pair of boots "Enkes" {-Tele MR++ Regen+ Stlth+}
Stlth    ..........             z - amulet of Ynenyad {Reflect Str+7 SH+5}
HPRegen  0.63/turn              (no ring)
MPRegen  0.16/turn              (no ring)

@: no status effects
A: negative energy resistance 1, robust 1, shaggy fur 1, electricity resistance,
wild magic 1, unbreathing, petrification resistance, rot immunity, AC +8
a: Heroism, Finesse, Renounce Religion


You were on level 13 of the Dungeon.
You worshipped Okawaru.
Okawaru was exalted by your worship.
You were not hungry.

You visited 2 branches of the dungeon, and saw 14 of its levels.

You collected 1087 gold pieces.

Inventory:

Hand Weapons
 x - a +4 flail of protection
 M - a +5 morningstar (weapon)
Missiles
 l - 2 javelins
 n - 2 throwing nets (quivered)
Armour
 k - a +1 chain mail (worn)
 D - a cursed +0 cloak (worn)
 E - a +0 pair of gloves (worn)
 H - a +0 buckler of cold resistance (worn)
 K - the +1 pair of boots "Enkes" (worn) {-Tele MR++ Regen+ Stlth+}
   (You acquired it on level 11 of the Dungeon)

   It affects your resistance to hostile enchantments.
   It prevents most forms of teleportation.
   It increases your rate of regeneration.
   It makes you more stealthy.
Jewellery
 y - an uncursed ring of ice
 z - the amulet of Ynenyad (around neck) {Reflect Str+7 SH+5}
   (You found it on level 6 of the Dungeon)

   [amulet of reflection]

   It shields you and reflects attacks.
   It affects your strength (+7).
   It affects your SH (+5).
 L - an uncursed amulet of regeneration
Wands
 e - a wand of acid (16)
 f - a wand of flame (20)
 u - a wand of scattershot (12)
 B - a wand of paralysis (2)
 F - a wand of disintegration (19)
 P - a wand of enslavement (19)
Scrolls
 h - a scroll of enchant weapon
 i - 3 scrolls of amnesia
 j - 7 scrolls of remove curse
 o - 2 scrolls of identify
 q - 7 scrolls of enchant armour
 t - 8 scrolls of teleportation
 J - a scroll of fear
 N - a scroll of blinking
Potions
 a - 3 potions of agility
 d - 4 potions of brilliance
 m - 3 potions of flight
 p - 2 potions of resistance
 r - a potion of magic
 s - 2 potions of haste
 v - 4 potions of curing
 w - 2 potions of berserk rage
 A - a potion of ambrosia
 G - a potion of might
 R - a potion of lignification
Miscellaneous
 g - a lamp of fire (inert)
Comestibles
 c - 26 rations


   Skills:
 - Level 8.0 Fighting
 * Level 14.0 Maces & Flails
 + Level 9.8 Armour
 - Level 4.0 Dodging
 - Level 2.2 Stealth
 - Level 4.1 Shields
 - Level 2.0 Spellcasting
 - Level 3.3 Necromancy
 - Level 8.0 Invocations


You had 6 spell levels left.
You knew the following spells:

 Your Spells              Type           Power        Failure   Level  Hunger
a - Pain                  Necr           ###.         36%         1    #......
b - Vampiric Draining     Necr           ###.......   71%         3    ###....
c - Regeneration          Chrm/Necr      #.........   90%         3    ###....
d - Blink                 Tloc           N/A          90%         2    ###....


Dungeon Overview and Level Annotations

Branches:
Dungeon (13/15)            Temple (1/1) D:6            Lair (0/6) D:11
    Orc (0/2) D:11
 Vaults: D:13-14

Altars:
Ashenzari
Dithmenos
Elyvilon
Gozag
Hepliaklqana
Kikubaaqudgha
Nemelex Xobeh
Okawaru
Qazlal
Ru
Sif Muna
Trog
Uskayaw
Zin
The Shining One

Shops:
D:11 }

Annotations:
D:4 cirnu's ghost, amateur DsFi
D:13 Frances


Innate Abilities, Weirdness & Mutations

You are resistant to torment.
Your stone body is resilient. (AC +8)
You are immune to poison.
You resist negative energy. (rN+)
You are resistant to electric shocks. (rElec)
You can survive without breathing.
You are immune to petrification.
You are immune to rotting.
You are robust. (+10% HP)
You are covered in fur. (AC +1)
Your spells are a little harder to cast, but a little more powerful.


Message History

The sixfirhy hits you but does no damage.
The sixfirhy hits you! The sixfirhy shocks you. You resist.
The sixfirhy hits you but does no damage.
The sixfirhy closely misses you. The sixfirhy hits you.
The sixfirhy shocks you. You resist. You block the sixfirhy's attack.
You block the sixfirhy's attack. The sixfirhy closely misses you.
The sixfirhy hits you! The sixfirhy shocks you. You resist.
The sixfirhy hits you but does no damage.
The sixfirhy barely misses you.
The sixfirhy hits you but does no damage.
Frances chants phrases taken from a devil's mouth.
The shard of ice hits you! You partially resist.
The sixfirhy closely misses you.
The sixfirhy hits you but does no damage.
You are no longer corroded.
Frances chants phrases taken from a devil's mouth.
The iron shot hits you!
Ouch! That really hurt!
You die...

.#(....#.........#....)..#
.#.....#.........#.......#
.#.....#.........#.......#
.#.....#########'#.......#
.#......................##
.#..........@...........#
.#............[.........#
.#......................#
.#......"....3..@.......#
##......................#######
#####.....########'#.........#
#.....'....#...#.........#
#.....#....#...#.........#
#.....#....#...#.........#
#.....##..##.###......<..#
#......#####'####+########
#......'......†)........#


You could see Frances and a sixfirhy.

Vanquished Creatures
  Harold (D:10)
  Fannar (D:12)
  A catoblepas (D:9)
  A centaur warrior (D:9)
  3 two-headed ogres
  A skeletal warrior (D:8)
  4 unseen horrors
  A wolf spider zombie (D:12)
  A necromancer (D:10)
  2 slime creatures (D:12)
  A manticore (D:12)
  Maurice (D:9)
  A cyclops (D:13)
  2 gargoyles
  Joseph (D:7)
  A troll (D:10)
  A meliai (D:9)
  A hornet (D:10)
  7 hippogriffs
  Sigmund (D:5)
  A wraith (D:10)
  A yak (D:7)
  2 wyverns
  3 hogs (D:7)
  A human (D:7)
  A steam dragon (D:8)
  Menkaure (D:6)
  2 soldier ants
  Duvessa (D:7)
  2 water moccasins
  An orc warrior (D:11)
  2 black bears
  2 phantoms
  2 sky beasts
  A necrophage (D:9)
  8 ogres
  4 ice beasts
  5 centaurs
  2 crocodiles
  Blork the orc (D:5)
  3 big kobolds
  3 bullfrogs
  3 scorpions
  Dowan (D:7)
  10 killer bees
  10 wights
  3 howler monkeys
  7 crimson imps
  2 centaur zombies
  Crazy Yiuf (D:7)
  7 hounds
  4 jellies
  2 orc priests
  3 centaur skeletons
  A bullfrog skeleton (D:7)
  5 iguanas
  6 orc wizards
  12 worker ants
  4 polar bear simulacra (D:10)
  2 yak simulacra (D:10)
  A wolf simulacrum (D:10)
  A hound zombie (D:6)
  A hound skeleton (D:7)
  A howler monkey zombie (D:5)
  3 gnolls (D:3)
  17 adders
  4 shadow imps
  3 adder skeletons
  3 adder zombies
  3 worms
  3 dart slugs
  5 leopard geckos
  34 orcs
  4 ball pythons
  2 giant cockroaches
  12 goblins
  9 hobgoblins
  5 jackals
  18 kobolds
  6 quokkas
  5 bats
  6 frilled lizards
  2 giant cockroach zombies (D:2)
  2 jackal zombies
  A leopard gecko zombie (D:2)
  3 quokka zombies
  5 rats
  4 river rat simulacra (D:10)
328 creatures vanquished.

Vanquished Creatures (others)
  An adder (D:8)
  2 fungi (D:8)
3 creatures vanquished.

Grand Total: 331 creatures vanquished

Notes
Turn   | Place    | Note
-------+----------+-------------------------------------------
     0 | D:1      | inmateoo the Gargoyle Necromancer began the quest for the Orb.
     0 | D:1      | Reached XP level 1. HP: 10/10 MP: 3/3
   229 | D:1      | Reached skill level 1 in Fighting
   245 | D:1      | Reached XP level 2. HP: 12/16 MP: 0/5
  1008 | D:1      | Reached XP level 3. HP: 22/22 MP: 6/6
  1306 | D:1      | Learned a level 3 spell: Vampiric Draining
  1572 | D:1      | Reached skill level 1 in Maces & Flails
  1828 | D:2      | Reached skill level 2 in Maces & Flails
  1828 | D:2      | Reached XP level 4. HP: 17/27 MP: 3/7
  2161 | D:2      | Reached skill level 3 in Maces & Flails
  2284 | D:2      | Reached XP level 5. HP: 25/32 MP: 8/8
  2412 | D:2      | Found a deep blue altar of Sif Muna.
  2522 | D:2      | Found a sacrificial altar of Ru.
  2522 | D:2      | Found a white marble altar of Elyvilon.
  2867 | D:3      | Reached skill level 4 in Maces & Flails
  3108 | D:3      | Found a bloodstained altar of Trog.
  3108 | D:3      | Found a hide-covered altar of Uskayaw.
  3222 | D:3      | Reached XP level 6. HP: 31/37 MP: 9/9
  3378 | D:3      | Found an iron altar of Okawaru.
  3418 | D:3      | Became a worshipper of Warmaster Okawaru
  3549 | D:3      | Found an opulent altar of Gozag.
  3690 | D:3      | Reached skill level 5 in Maces & Flails
  4193 | D:4      | Reached skill level 1 in Armour
  5163 | D:4      | Noticed cirnu's ghost (amateur DsFi)
  5218 | D:5      | Entered Level 5 of the Dungeon
  5326 | D:5      | Noticed Sigmund
  5387 | D:5      | Reached XP level 7. HP: 32/41 MP: 10/10
  5406 | D:5      | Killed Sigmund
  5406 | D:5      | Reached skill level 6 in Maces & Flails
  5603 | D:5      | Reached * piety under Okawaru
  5860 | D:5      | Found a shattered altar of Ashenzari.
  5975 | D:5      | Noticed Blork the orc
  5980 | D:5      | Killed Blork the orc
  6132 | D:5      | Reached XP level 8. HP: 48/48 MP: 11/11
  6306 | D:6      | Found a staircase to the Ecumenical Temple.
  6362 | D:6      | Gained mutation: Your body sometimes deteriorates upon taking damage. [potion of mutation]
  6362 | D:6      | Gained mutation: You have large cloven feet. [potion of mutation]
  6364 | D:6      | Noticed Menkaure
  6374 | D:6      | Killed Menkaure
  6403 | Temple   | Entered the Ecumenical Temple
  6465 | D:6      | Reached ** piety under Okawaru
  6465 | D:6      | Reached skill level 7 in Maces & Flails
  6520 | D:6      | Found a stormy altar of Qazlal.
  6717 | D:6      | Got a heavily runed copper amulet
  6883 | D:6      | Identified the amulet of Ynenyad {Reflect Str+7 SH+5} (You found it on level 6 of the Dungeon)
  6899 | D:7      | Learned a level 3 spell: Regeneration
  6915 | D:7      | Reached skill level 5 in Fighting
  6931 | D:7      | Reached skill level 8 in Maces & Flails
  6931 | D:7      | Reached skill level 5 in Armour
  7031 | D:7      | Reached XP level 9. HP: 29/54 MP: 12/12
  7095 | D:7      | Noticed Dowan
  7096 | D:7      | Noticed Duvessa
  7099 | D:7      | Killed Dowan
  7099 | D:7      | Reached skill level 9 in Maces & Flails
  7111 | D:7      | Killed Duvessa
  7607 | D:7      | Found a shadowy altar of Dithmenos.
  7614 | D:7      | Reached *** piety under Okawaru
  7614 | D:7      | Reached skill level 10 in Maces & Flails
  7700 | D:7      | Found an ancient bone altar of Kikubaaqudgha.
  7728 | D:7      | Noticed Joseph
  7736 | D:7      | Killed Joseph
  7736 | D:7      | Received a gift from Okawaru
  7816 | D:7      | Found a runed door.
  7858 | D:7      | Reached skill level 1 in Shields
  7878 | D:7      | Reached skill level 1 in Invocations
  7901 | D:7      | Reached **** piety under Okawaru
  7901 | D:7      | Reached XP level 10. HP: 52/60 MP: 13/13
  7935 | D:7      | Found a glowing silver altar of Zin.
  8113 | D:7      | Noticed Crazy Yiuf
  8120 | D:7      | Killed Crazy Yiuf
  8254 | D:8      | Noticed a two-headed ogre
  8268 | D:8      | Killed a two-headed ogre
  8545 | D:8      | Reached skill level 11 in Maces & Flails
  8808 | D:8      | Found a glowing golden altar of the Shining One.
  9328 | D:9      | Noticed a catoblepas
  9334 | D:9      | Noticed a centaur warrior
  9463 | D:9      | Killed a centaur warrior
  9463 | D:9      | Reached ***** piety under Okawaru
  9474 | D:9      | Killed a catoblepas
  9493 | D:9      | Noticed a skeletal warrior
  9689 | D:8      | Killed a skeletal warrior
  9689 | D:8      | Reached XP level 11. HP: 51/66 MP: 12/14
  9774 | D:9      | Killed an unseen horror
 10150 | D:9      | Found a stormy altar of Qazlal.
 10201 | D:9      | Noticed Maurice
 10235 | D:9      | Killed Maurice
 10478 | D:10     | Entered Level 10 of the Dungeon
 10482 | D:10     | Lost mutation: Your body sometimes deteriorates upon taking damage. [potion of mutation]
 10482 | D:10     | Lost mutation: You have large cloven feet. [potion of mutation]
 10482 | D:10     | Gained mutation: You are robust. (+10% HP) [potion of mutation]
 10482 | D:10     | Gained mutation: Your spells are a little harder to cast, but a little more powerful. [potion of mutation]
 10482 | D:10     | Gained mutation: You are covered in fur. (AC +1) [potion of mutation]
 10708 | D:10     | Reached skill level 12 in Maces & Flails
 10746 | D:10     | Reached ****** piety under Okawaru
 10902 | D:10     | Reached skill level 5 in Invocations
 10922 | D:10     | Received a gift from Okawaru
 10990 | D:10     | Noticed a necromancer
 10998 | D:10     | Killed a necromancer
 11664 | D:10     | Noticed Harold
 11687 | D:10     | Killed Harold
 11779 | D:11     | Found Poext's Gadget Shop.
 11823 | D:11     | Killed an unseen horror
 12154 | D:11     | Found a staircase to the Orcish Mines.
 12237 | D:11     | Found a staircase to the Lair.
 12266 | D:11     | Identified a scroll of acquirement
 12267 | D:11     | Got a pair of twisted boots
 12278 | D:11     | Identified the +1 pair of boots "Enkes" {-Tele MR++ Regen+ Stlth+} (You acquired it on level 11 of the Dungeon)
 12466 | D:12     | Noticed a two-headed ogre
 12475 | D:12     | Killed a two-headed ogre
 12475 | D:12     | Reached XP level 12. HP: 61/80 MP: 16/16
 12556 | D:12     | Reached skill level 13 in Maces & Flails
 12572 | D:12     | Noticed Fannar
 12663 | D:12     | Killed Fannar
 12760 | D:12     | Noticed a two-headed ogre
 12791 | D:12     | Killed a two-headed ogre
 12905 | D:12     | Found Raryl's General Store.
 12969 | D:12     | Received a gift from Okawaru
 13704 | D:13     | Learned a level 2 spell: Blink
 13798 | D:13     | Reached skill level 14 in Maces & Flails
 14013 | D:13     | Noticed an entropy weaver
 14013 | D:13     | Noticed Frances
 14015 | D:13     | Noticed an entropy weaver
 14044 | D:13     | Killed from afar by Frances

Skill      XL: |  1  2  3  4  5  6  7  8  9 10 11 12 |
---------------+-------------------------------------+-----
Fighting       | 1 2 3 4 5 6 8 |  8.0
Maces & Flails | 2 3 4 5 6 8 10 11 12 14 | 14.0
Armour         | 1 3 5 7 8 9 |  9.8
Shields        | 2 4 |  4.1
Dodging        | 2 3 4 |  4.0
Invocations    | 1 4 6 8 |  8.0
Stealth        | |  2.2
Spellcasting   | |  2.0
Necromancy     | |  3.3

Action                   |  1- 3 |  4- 6 |  7- 9 | 10-12 || total
-------------------------+-------+-------+-------+-------++-------
Melee: Dagger            |    32 |   298 |    15 |       ||   345
       Club              |    68 |    12 |       |       ||    80
       Flail             |       |    32 |   264 |   463 ||   759
       Scythe            |       |       |    27 |       ||    27
       Kick              |       |       |    60 |    68 ||   128
       Morningstar       |       |       |       |   336 ||   336
Throw: Throwing net      |       |       |       |     1 ||     1
 Cast: Pain              |    24 |     1 |       |       ||    25
       Vampiric Draining |     3 |     2 |       |       ||     5
Invok: Heroism           |       |       |       |     1 ||     1
Evoke: Wand              |       |       |       |     5 ||     5
       Lamp of fire      |       |       |       |     1 ||     1
  Use: Scroll            |     4 |     7 |    10 |     9 ||    30
       Potion            |       |     5 |     1 |     1 ||     7
 Stab: Sleeping          |     1 |       |       |       ||     1
       Petrified         |       |       |       |     7 ||     7
       Held in net/web   |       |       |       |     1 ||     1
  Eat: Chunk             |     4 |    11 |     9 |    14 ||    38
       Ration            |       |       |       |     3 ||     3
Armor: Robe              |    52 |    12 |       |       ||    64
       Chain mail        |       |   229 |   199 |   428 ||   856
Dodge: Dodged            |    94 |   101 |    91 |   213 ||   499
Block: Buckler           |       |    33 |    56 |   282 ||   371
       Reflection        |       |       |     2 |    12 ||    14
